 Dungeon Crawl Stone Soup version 0.25-a0-842-g81a31cfd23 (webtiles) character file.

Game seed: 6037158100996954413, levelgen mode: deterministic

35 felid3rune the Sneak (level 3, -4/16 HPs)
             Began as a Felid Wanderer on Apr 25, 2020.
             Killed from afar by an orc wizard (8 damage)
             ... with a puff of frost
             ... on level 2 of the Dungeon.
             The game lasted 00:05:20 (1859 turns).

felid3rune the Sneak (Felid Wanderer)               Turns: 1859, Time: 00:05:20

Health: -4/16      AC:  1    Str:  7    XL:     3   Next: 17%
Magic:  0/8        EV: 15    Int: 16    God:
Gold:   89         SH:  0    Dex: 14    Spells: 4/8 levels left
                                        Lives:  0   Deaths: 0

rFire    . . .     SeeInvis +     - Unarmed
rCold    . . .     Gourm    .   (shield unavailable)
rNeg     . . .     Faith    .   (armour unavailable)
rPois    .         Spirit   +   (helmet unavailable)
rElec    .         Reflect  .   (cloak unavailable)
rCorr    .         Harm     .   (gloves unavailable)
MR       .....                  (boots unavailable)
Stlth    +++.......             g - amulet of guardian spirit
HPRegen  0.05/turn              (no ring)
MPRegen  0.11/turn              (no ring)

@: very slightly contaminated, quick
A: very small, no armour, no weapons or thrown items, stealth, claws 1, fangs 3,
see invisible, carnivore, speed 1, shaggy fur 1, slow metabolism 1, sharp paws
a: no special abilities


You were on level 2 of the Dungeon.
You were completely stuffed.

You visited 1 branch of the dungeon, and saw 3 of its levels.

You collected 89 gold pieces.

Inventory:

Jewellery
 g - an amulet of guardian spirit (around neck)
Scrolls
 a - a scroll of fear
 b - a scroll of blinking
 e - 3 scrolls of remove curse
 h - a scroll of magic mapping {unknown}
 i - 3 scrolls of identify
 j - a scroll of teleportation {unknown}
 l - a scroll of enchant weapon {unknown}
Potions
 c - a potion of resistance {unknown}
 d - a potion of curing
 k - a potion of flight {unknown}
Comestibles
 f - 4 rations


   Skills:
 + Level 2.5 Fighting
 - Level 4.0 Stealth
 + Level 2.4 Unarmed Combat
 - Level 3.0 Spellcasting
 + Level 1.1 Conjurations
 + Level 1.1 Air Magic


You had 4 spell levels left.
You knew the following spells:

 Your Spells              Type           Power        Failure   Level  Hunger
a - Shock                 Conj/Air       #...         12%         1    #......
b - Static Discharge      Conj/Air       #.......     34%         3    ###....

Your spell library contained the following spells:

 Spells                   Type           Power        Failure   Level  Hunger


Dungeon Overview and Level Annotations

Branches:
Dungeon (3/15)

Altars:
Gozag
Nemelex Xobeh

Annotations:
D:3 3 runed translucent doors, exclusion: 3 doors, Thargor's ghost, amateur GrEE


Innate Abilities, Weirdness & Mutations

You cannot wear armour.
You are incapable of wielding weapons or throwing items.
Your paws allow you to move quietly. (Stealth)
You have sharp claws.
You have razor-sharp teeth.
You have supernaturally acute eyesight. (SInv)
You are carnivorous and can eat meat at any time.
You cover ground quickly.
You are covered in fur. (AC +1)
You have a slow metabolism.
Your sharp claws are effective at attacking unaware monsters.


Message History

The puff of flame misses you.
Okay, then.
Okay, then.
The orc wizard points at you and mumbles some strange words.
The puff of frost hits you!
You feel better.
There is a stone staircase leading up here.
The orc wizard barely misses you. The orc wizard closely misses you.
The orc hits you with a +0 falchion.
You climb upwards.
There is a stone staircase leading down here.
You closely miss the orc wizard.
The orc wizard is lightly wounded.
The orc wizard hits you with a +0 dagger.
The orc hits you with a +0 falchion.
* * * LOW HITPOINT WARNING * * *
The orc wizard gestures at you while chanting.
The puff of frost hits you!
Ouch! That really hurt!
You die...

######### .)<.....#
############## #######(#
#............# # #.#
#.#....#####.# #######.##
#.#........#.# .........#
#.#.....##.#.# .........#
#..........#.#
.........#######.#....#.#
.......(......<#@#....#.#
################.#...<#.#
...............o.####.#.#
......#########o......#.#
...........####.....###.#
........................#
####...####.#⌠.⌠.##.....#
#...##...)._..##.....#########
#........#⌠.⌠###.............#


You could see an orc wizard and an orc.

Vanquished Creatures
  An adder (D:2)
  A dart slug (D:1)
  2 leopard geckos (D:1)
  2 ball pythons (D:2)
  A giant cockroach (D:2)
  2 goblins (D:2)
  A hobgoblin (D:1)
  A bat (D:1)
  6 frilled lizards
  5 kobolds
  4 rats
26 creatures vanquished.

Notes
Turn   | Place    | Note
-------+----------+-------------------------------------------
     0 | D:1      | felid3rune the Felid Wanderer began the quest for the Orb.
     0 | D:1      | felid3rune set off with the following items: a scroll of
                  | fear, a scroll of blinking, a potion of curing, a ration;
                  | and the following spell memorised: Shock; and the following
                  | spells available to memorise: Static Discharge
     0 | D:1      | Reached XP level 1. HP: 9/9 MP: 5/5
   397 | D:1      | Reached XP level 2. HP: 13/13 MP: 4/7
  1075 | D:2      | Found a sparkling altar of Nemelex Xobeh.
  1361 | D:2      | Reached skill level 1 in Conjurations
  1361 | D:2      | Reached skill level 1 in Air Magic
  1455 | D:2      | Reached XP level 3. HP: 16/16 MP: 6/8
  1824 | D:2      | Learned a level 3 spell: Static Discharge
  1830 | D:3      | Found a runed translucent gate.
  1830 | D:3      | Found a runed translucent gate.
  1830 | D:3      | Found a runed translucent gate.
  1831 | D:3      | Found an opulent altar of Gozag.
  1832 | D:3      | Noticed a bullfrog
  1832 | D:3      | Noticed Thargor's ghost (amateur GrEE)
  1859 | D:2      | Killed from afar by an orc wizard

Levels and vault maps discovered:
D:1:      dpeg_arrival_round_b, layout_basic
D:2:      layout_basic, nemelex_xobeh_ov_fountains_minmay, first_ration
D:3:      layout_loops_cross, gammafunk_temple_overflow_claw,
          ebering_ghost_gozag, chequers_ecumenical_altar_simple_redux,
          uniq_jessica

Skill      XL: |  1  2 |
---------------+-------+-----
Conjurations   | 1 |  1.1
Air Magic      | 1 |  1.1
Fighting       | |  2.5
Stealth        | |  4.0
Unarmed Combat | |  2.4
Spellcasting   | |  3.0

Action                   || total
-------------------------++-------
Melee: Unarmed           ||     6
 Cast: Shock             ||    45
  Use: Scroll            ||     1
       Potion            ||     1
 Stab: Sleeping          ||     1
  Eat: Chunk             ||     9
Dodge: Dodged            ||    11

Table legend:
 A = Non-vault XP
 B = Vault XP
 C = Vault XP percentage of total XP
 D = Non-vault monster count
 E = Vault monster count
 F = Vault count percentage of total count
                 A         B        C        D         E       F
            +---------+---------+-------+---------+---------+-------
      Total |      51 |       0 |   0.0 |      26 |       0 |   0.0
            +---------+---------+-------+---------+---------+-------
        D:1 |      18 |       0 |   0.0 |      10 |       0 |   0.0
        D:2 |      32 |       0 |   0.0 |      15 |       0 |   0.0
        D:3 |       1 |       0 |   0.0 |       1 |       0 |   0.0
            +---------+---------+-------+---------+---------+-------
